 Dungeon Crawl Stone Soup version 0.21-a0-221-gfe971b9 (webtiles) character file.

717 Lavandula the Ruffian (level 7, -3/59 HPs)
             Began as a Ghoul Warper on Aug 25, 2017.
             Was an Initiate of Cheibriados.
             Slain by a killer bee (9 damage)
             ... on level 8 of the Dungeon.
             The game lasted 00:14:09 (1849 turns).

Lavandula the Ruffian (Ghoul Warper)                Turns: 1849, Time: 00:14:10

Health: -3/59      AC:  3    Str: 16 (18) XL:     7   Next: 70%
Magic:  6/11       EV: 11    Int:  8 (9)  God:    Cheibriados [......]
Gold:   139        SH:  0    Dex:  7 (9)  Spells: 9/13 levels left

rFire    + . .     SeeInvis .     - Unarmed
rCold    + . .     Gourm    .   (no shield)
rNeg     + + +     Faith    .   a - +0 leather armour
rPois    ∞         Spirit   .   (no helmet)
rElec    .         Reflect  .   (no cloak)
rCorr    .         Harm     .   (no gloves)
MR       .....     Rnd*Tele +   (no boots)
Stlth    +.........             h - amulet of regeneration
HPRegen  0.00/turn              j - ring of protection from fire
MPRegen  0.12/turn              g - ring of teleportation

@: flying, very slightly contaminated, rotting, very slow
A: rotting body, claws 1, carnivore 3, cold resistance 1, negative energy
resistance 3, inhibited regeneration, torment resistance, unbreathing
a: Bend Time, Renounce Religion


You were on level 8 of the Dungeon.
You worshipped Cheibriados.
Cheibriados was noncommittal.
You were not hungry.

You visited 2 branches of the dungeon, and saw 9 of its levels.

You collected 139 gold pieces.

Inventory:

Missiles
 d - 5 tomahawks of dispersal (quivered)
 v - 2 tomahawks
Armour
 a - a +0 leather armour (worn)
 m - a +0 chain mail
 s - a +0 ring mail
 t - a +0 pair of gloves
Jewellery
 g - a ring of teleportation (right claw)
 h - an amulet of regeneration (around neck)
 j - a ring of protection from fire (left claw)
Scrolls
 e - a scroll of immolation
 i - 2 scrolls of recharging
 k - 5 scrolls of amnesia
 n - a scroll of enchant armour
Potions
 l - a potion of flight
Books
 b - a book of Spatial Translocations

   Spells                             Type                      Level
   a - Blink                          Translocation                2
   b - Shroud of Golubria             Charms/Translocation         2
   c - Lesser Beckoning               Translocation                3
   d - Gell's Gravitas                Translocation                3
   e - Teleport Other                 Translocation                3
   f - Passage of Golubria            Translocation                4
Comestibles
 f - 4 meat rations


   Skills:
 - Level 4.1 Fighting
 - Level 0.8 Throwing
 - Level 0.8 Armour
 - Level 1.7 Dodging
 - Level 7.1 Unarmed Combat
 + Level 3.8 Spellcasting
 - Level 2.6 Translocations


You had 9 spell levels left.
You knew the following spells:

 Your Spells              Type           Power        Failure   Level  Hunger
a - Blink                 Tloc           N/A          19%         2    ###....
b - Shroud of Golubria    Chrm/Tloc      #.........   32%         2    ###....


Dungeon Overview and Level Annotations

Branches:
Dungeon (8/15)             Temple (1/1) D:7
   Lair: D:8-11

Altars:
Cheibriados
Dithmenos
Elyvilon
Gozag
Hepliaklqana
Qazlal
Sif Muna
Wu Jian
Yredelemnul
The Shining One

Shops:
D:5 =

Annotations:
D:4 Grinder
D:7 exclusion: upstairs, Joseph


Innate Abilities, Weirdness & Mutations

Your body is rotting away.
You thrive on raw meat.
You are immune to poison.
You have sharp fingernails.
You are carnivorous and can eat meat at any time.
Your flesh is cold resistant. (rC+)
You are immune to negative energy. (rN+++)
You do not regenerate when monsters are visible.
You are immune to unholy pain and torment.
You can survive without breathing.


Message History

There was something very wrong with that liquid.
You feel weakened.
You feel dopey.
You feel clumsy. The killer bee closely misses you. The killer bee stings you.
* * * LOW HITPOINT WARNING * * *
A kobold comes into view.
It was a potion of lignification.
You feel woody for a moment. The killer bee completely misses you.
The kobold moves out of view.
The killer bee closely misses you.
Okay, then.
You aren't carrying any items that you can evoke.
Unknown command.
Casting: Shroud of Golubria
Confirm with . or Enter, or press ? or * to list all spells.
You blink.
Casting: Blink
Confirm with . or Enter, or press ? or * to list all spells.
You blink.
There is a stone staircase leading up here.
The killer bee stings you!
You die...

.# ..# #.# ...# #.#
####.K..# #.#
...).K... #.#
....K.... #.#
.K......# #.#
#####KK##########.#
....KK.K.K....y@.#
##################


You could see a big kobold and a killer bee.

Vanquished Creatures
  A sky beast (D:7)
  2 ice beasts (D:7)
  An ogre (D:7)
  A bullfrog (D:6)
  A killer bee (D:8)
  2 orc priests (D:7)
  Jessica (D:3)
  Terence (D:3)
  3 worker ants
  3 adders
  A worm (D:3)
  7 orcs
  A bat (D:3)
  4 goblins (D:3)
  7 hobgoblins (D:3)
  5 jackals
  2 kobolds (D:3)
  2 quokkas (D:3)
  A ball python (D:3)
  4 frilled lizards
  A quokka skeleton (D:4)
  2 quokka zombies (D:6)
  A rat (D:3)
54 creatures vanquished.

Notes
Turn   | Place    | Note
-------+----------+-------------------------------------------
     0 | D:1      | Lavandula the Ghoul Warper began the quest for the Orb.
     0 | D:1      | Reached XP level 1. HP: 17/17 MP: 2/2
    93 | D:3      | Reached skill level 3 in Unarmed Combat
    93 | D:3      | Reached XP level 2. HP: 15/24 MP: 3/3
   104 | D:3      | Learned a level 2 spell: Blink
   107 | D:3      | Learned a level 2 spell: Shroud of Golubria
   296 | D:3      | Noticed Grinder
   324 | D:4      | Paralysed by Grinder for 6 turns
   382 | D:3      | Noticed Terence
   396 | D:3      | Killed Terence
   396 | D:3      | Reached skill level 4 in Unarmed Combat
   396 | D:3      | Reached XP level 3. HP: 16/29 MP: 1/4
   537 | D:3      | Found a deep blue altar of Sif Muna.
   594 | D:3      | Noticed Jessica
   600 | D:3      | Killed Jessica
   600 | D:3      | Reached skill level 5 in Unarmed Combat
   600 | D:3      | Reached XP level 4. HP: 32/36 MP: 5/5
   802 | D:5      | Entered Level 5 of the Dungeon
  1085 | D:5      | Reached XP level 5. HP: 31/41 MP: 1/6
  1103 | D:5      | Found Axky's Jewellery Shoppe.
  1129 | D:5      | Found a glowing golden altar of the Shining One.
  1131 | D:5      | Noticed an angel
  1137 | D:5      | Found a basalt altar of Yredelemnul.
  1220 | D:6      | Reached skill level 6 in Unarmed Combat
  1348 | D:7      | Reached XP level 6. HP: 41/51 MP: 7/7
  1393 | D:7      | Noticed an ice beast
  1403 | D:7      | Killed an ice beast
  1410 | D:7      | Found a staircase to the Ecumenical Temple.
  1415 | Temple   | Entered the Ecumenical Temple
  1502 | Temple   | Became a worshipper of Cheibriados the Contemplative
  1603 | D:7      | Noticed a sky beast
  1615 | D:7      | Killed a sky beast
  1615 | D:7      | Reached skill level 7 in Unarmed Combat
  1615 | D:7      | Reached XP level 7. HP: 59/59 MP: 6/8
  1789 | D:7      | Noticed Joseph
  1849 | D:8      | Slain by a killer bee

Vault maps used:
D:1:      lemuel_arrival_river_passageway
D:2:      minitemple, lemuel_doored_altar, nemelex_xobeh_ov_fountains_minmay,
          uniq_crazy_yiuf_cottage
D:3:      marbit_many_paths, first_bread, corexii_shack, serial_bayou_pond_b,
          kennysheep_jessica_study, uniq_terence, uniq_grinder
D:4:      kennysheep_little_box, kiku_gazebo_garden_becter, serial_shops, shop
D:5:      grunt_temple_overflow_holy_war, serial_shops, shop_fountains, shop
D:6:      cheibrodos_iron_armory
D:7:      grunt_temple_overflow_champion_of_chaos, fedhas_altar_4,
          minmay_temple_entry_nine_rooms, hex_medium, uniq_joseph
Temple:   dpeg_chambers_temple

Skill      XL: |  1  2  3  4  5  6  7 |
---------------+----------------------+-----
Unarmed Combat | 3 4 5 6 7 |  7.1
Fighting       | 3 4 |  4.1
Spellcasting   | 3 |  3.8
Throwing       | |  0.8
Armour         | |  0.8
Dodging        | |  1.7
Translocations | |  2.6

Action                   |  1- 3 |  4- 6 |  7- 9 || total
-------------------------+-------+-------+-------++-------
Melee: Unarmed           |   103 |    80 |    74 ||   257
       Punch             |     2 |     3 |       ||     5
 Cast: Shroud of Golubri |     3 |     3 |     3 ||     9
       Blink             |       |       |     2 ||     2
  Use: Scroll            |     1 |     4 |     4 ||     9
       Potion            |       |       |     6 ||     6
  Eat: Chunk             |    16 |     5 |    11 ||    32
Armor: Leather armour    |    12 |     8 |     4 ||    24
       Ring mail         |       |    19 |    15 ||    34
Dodge: Dodged            |    65 |    47 |    31 ||   143

Table legend:
 A = Spawn XP
 B = Non-spawn XP
 C = Spawn XP percentage of total XP
 D = Spawn monster count
 E = Non-spawn monster count
 F = Spawn count percentage of total count
 G = Total turns spent on level
                    A         B        C        D         E        F      G
               +---------+---------+-------+---------+---------+-------+---------
         Total |      15 |    1010 |   1.5 |       6 |      48 |  11.1 |  1849
               +---------+---------+-------+---------+---------+-------+---------
           D:3 |      11 |     110 |   9.1 |       4 |      22 |  15.4 |   569
           D:4 |       1 |       6 |  14.3 |       1 |       4 |  20.0 |   191
           D:5 |       0 |      67 |   0.0 |       0 |       2 |   0.0 |   405
           D:6 |       3 |     105 |   2.8 |       1 |       4 |  20.0 |   120
           D:7 |       0 |     661 |   0.0 |       0 |      15 |   0.0 |   392
           D:8 |       0 |      61 |   0.0 |       0 |       1 |   0.0 |    29
               +---------+---------+-------+---------+---------+-------+---------
